 Dungeon Crawl Stone Soup version 0.28.0-43-g3370ac3207 (webtiles) character file.

Game seed: 16660247616492140496

70 crimpus the Ducker (level 4, 0/34 HPs)
             Began as a Spriggan Berserker on Mar 11, 2022.
             Was a Believer of Trog.
             Succumbed to an adder's poison
             ... on level 2 of the Dungeon.
             The game lasted 00:03:05 (2217 turns).

crimpus the Ducker (Spriggan Berserker)             Turns: 2217, Time: 00:03:05

Health: 0/34       AC:  2    Str: 10 (13) XL:     4   Next: 3%
Magic:  5/5        EV: 18    Int:  5 (8)  God:    Trog [**....]
Gold:   46         SH:  0    Dex: 14 (16) Spells: 3/3 levels left

rFire   . . .      SeeInvis +   a - +0 short sword
rCold   . . .      Faith    .   (no shield)
rNeg    . . .      Spirit   .   b - +0 animal skin
rPois   .          Reflect  .   (helmet restricted)
rElec   .          Harm     .   (no cloak)
rCorr   .          Rampage  .   (gloves unavailable)
Will    .....                   (boots unavailable)
Stlth   ..........              (no amulet)
HPRegen 0.11/turn               (no ring)
MPRegen 0.09/turn               (no ring)

@: berserking, lethally poisoned (0 -> 0), very quick
A: very small, no large weapons, unfitting armour, see invisible, speed 3
a: Renounce Religion, Berserk, Trog's Hand


You were on level 2 of the Dungeon.
You worshipped Trog.
Trog was pleased with you.
You visited 1 branch of the dungeon, and saw 2 of its levels.

You collected 46 gold pieces.

Inventory:

Hand Weapons
 a - a +0 short sword (weapon)
 d - a +0 short sword
Armour
 b - a +0 animal skin (worn)
Scrolls
 c - a scroll of blinking
Potions
 g - a potion of magic


   Skills:
 + Level 2.9 Fighting
 + Level 4.2 Short Blades
 + Level 4.9 Dodging
 + Level 1.3 Stealth


You had 3 spell levels left.
You didn't know any spells.
Your spell library was empty.

Dungeon Overview and Level Annotations

Branches:
Dungeon (2/15)

Altars:
Beogh

Shops:
D:1 (


Innate Abilities, Weirdness & Mutations

You are very small and have problems with some larger weapons.
You are too small for most types of armour.
You have supernaturally acute eyesight. (SInv)
You cover ground extremely quickly. (Speed+++)


Message History

You are poisoned.
The adder poisons you! The hobgoblin hits you.
You are too injured to fight recklessly!
You are too injured to fight recklessly!
You are too injured to fight recklessly!
You are too injured to fight recklessly!
You are too injured to fight recklessly!
You are too injured to fight recklessly!
You are too injured to fight recklessly!
You are too injured to fight recklessly!
A red film seems to cover your vision as you go berserk!
You feel yourself moving faster!
You feel mighty!
You feel sick. The rat completely misses you.
The goblin hits you with a +0 club.
* * * LOW HITPOINT WARNING * * *
The adder closely misses you. The hobgoblin completely misses you.
You completely miss the adder. The rat completely misses you.
The goblin closely misses you. The adder completely misses you.
You hit the adder.
The adder is heavily wounded.
* * * LOW HITPOINT WARNING * * *
You feel sick. The hobgoblin completely misses you. The rat misses you.
You hit the adder.
You kill the adder!
Trog accepts your kill. The goblin barely misses you.
You have reached level 4!
You closely miss the goblin.
You feel sick. The hobgoblin completely misses you. The rat misses you.
The goblin barely misses you.
You closely miss the goblin. Your punch misses the goblin.
You feel sick. The hobgoblin completely misses you.
You puncture the hobgoblin!
You kill the hobgoblin!
Trog accepts your kill. The rat bites you.
* * * LOW HITPOINT WARNING * * *
The goblin hits you with a +0 club.
* * * LOW HITPOINT WARNING * * *
You feel your dexterity returning.
You die...

.#.# ###.#.#############
#.......#..........
#.......#..........
######.......#..........
..............#..........
#######.......#(.$g......
#.........#...r......
#.#..†....#.@........
#.#.......#..........
#.#.......#..........
#...............(....
############.######## #.#
#.# #.# #.#


You could see a goblin and a rat.

Vanquished Creatures
  An adder (D:2)
  2 dart slugs (D:1)
  3 endoplasms (D:1)
  6 giant cockroaches (D:1)
  2 goblins (D:1)
  4 hobgoblins
  8 jackals (D:1)
  5 kobolds (D:1)
  4 quokkas
  3 ball pythons (D:1)
  7 bats (D:1)
  A frilled lizard (D:1)
  2 rats (D:1)
48 creatures vanquished.

Notes
Turn   | Place    | Note
-------+----------+-------------------------------------------
     0 | D:1      | crimpus the Spriggan Berserker began the quest for the Orb.
     0 | D:1      | Reached XP level 1. HP: 11/11 MP: 2/2
     1 | D:1      | Found a runed translucent door.
     7 | D:1      | Found Culuytev's Weapon Emporium.
    91 | D:1      | Reached XP level 2. HP: 11/16 MP: 3/3
  1200 | D:1      | Reached XP level 3. HP: 19/19 MP: 4/4
  1413 | D:1      | Found a faded altar of an unknown god.
  1598 | D:1      | Reached ** piety under Trog
  1604 | D:1      | Reached skill level 1 in Stealth
  2214 | D:2      | Reached XP level 4. HP: 5/23 MP: 5/5
  2216 | D:2      | HP: 1/34 [goblin/+0 club (1)]
  2217 | D:2      | Succumbed to an adder's poison

Illustrated notes

Levels and vault maps discovered:
D:1:      dpeg_arrival_caged_fury, layout_rooms, serial_shops,
          nicolae_shop_stone, hellmonk_ecumenical_altar_defaced_shrine
D:2:      layout_basic, kennysheep_path_1

Skill      XL: |  1  2  3 |
---------------+----------+-----
Stealth        | 1 |  1.3
Short Blades   | 4 |  4.2
Fighting       | |  2.9
Dodging        | |  4.9

Action                   |  1- 3 |  4- 6 || total
-------------------------+-------+-------++-------
Melee: Short sword       |   188 |     3 ||   191
       Punch             |     1 |       ||     1
Invok: Berserk           |     5 |       ||     5
  Use: Potion            |     2 |       ||     2
       Scroll            |     1 |       ||     1
 Stab: Sleeping          |     1 |       ||     1
       Distracted        |     1 |       ||     1
Armor: Animal skin       |    39 |       ||    39
Dodge: Dodged            |   211 |     4 ||   215
